 Dungeon Crawl Stone Soup version 0.20.1-1-g8b1a95d (webtiles) character file.

259 Gargoyl the Skirmisher (level 5, 0/48 HPs)
             Began as a Minotaur Abyssal Knight on Aug 30, 2017.
             Was a Believer of Lugonu.
             Slain by prototypeXXsupercool's ghost (6 damage)
             ... on level 3 of the Dungeon.
             The game lasted 00:04:15 (2548 turns).

Gargoyl the Skirmisher (Minotaur Abyssal Knight)    Turns: 2548, Time: 00:04:16

Health: 0/48       AC:  9    Str: 17    XL:     5   Next: 94%
Magic:  15/15      EV:  7    Int:  9    God:    Lugonu [**....]
Gold:   146        SH:  0    Dex: 10    Spells: 4/4 levels left

rFire    . . .     SeeInvis .   a - +1 hand axe
rCold    . . .     Gourm    .   (no shield)
rNeg     . . .     Faith    .   d - +0 chain mail
rPois    .         Spirit   .   (helmet restricted)
rElec    .         Reflect  .   (no cloak)
rCorr    .         Harm     .   (no gloves)
MR       +....                  (no boots)
Stlth    ..........             (no amulet)
Regen    0.2/turn               m - ring of protection from magic
MPRegen  0.2/turn               o - ring of magical power

@: no status effects
A: retaliatory headbutt, horns 2
a: Depart the Abyss, Bend Space, Renounce Religion


You were on level 3 of the Dungeon.
You worshipped Lugonu.
Lugonu was pleased with you.
You were very hungry.

You visited 1 branch of the dungeon, and saw 3 of its levels.
You visited the Abyss 1 time.

You collected 146 gold pieces.

Inventory:

Hand Weapons
 a - a +1 hand axe (weapon)
Armour
 d - a +0 chain mail (worn)
Jewellery
 m - a ring of protection from magic (left hand)
 o - a ring of magical power (right hand)
Scrolls
 b - a scroll of magic mapping
 e - 3 scrolls of identify
 g - a scroll of fear
 h - 3 scrolls of remove curse
Potions
 f - 2 potions of berserk rage {unknown}
 i - a potion of curing {unknown}
 n - a potion of invisibility {unknown}
 p - a potion of haste {unknown}
 q - 2 potions of magic {unknown}
Comestibles
 c - 2 bread rations
 j - 2 meat rations
 k - 4 fruits
 l - a royal jelly


   Skills:
 + Level 5.5 Fighting
 + Level 4.0 Axes
 * Level 4.4 Armour
 + Level 1.5 Dodging
 * Level 2.7 Invocations


You had 4 spell levels left.
You didn't know any spells.

Dungeon Overview and Level Annotations

Branches:
Dungeon (3/15)

Altars:
Okawaru

Annotations:
D:3 prototypeXXsupercool's ghost, amateur HOFi


Innate Abilities, Weirdness & Mutations

You reflexively headbutt those who attack you in melee.
You have a pair of horns on your head.


Message History

You headbutt prototypeXXsupercool's ghost.
PrototypeXXsupercool's ghost is moderately damaged.
PrototypeXXsupercool's ghost hits you!
You closely miss prototypeXXsupercool's ghost.
You headbutt prototypeXXsupercool's ghost.
PrototypeXXsupercool's ghost is moderately damaged.
PrototypeXXsupercool's ghost hits you!
You closely miss prototypeXXsupercool's ghost.
PrototypeXXsupercool's ghost is moderately damaged.
PrototypeXXsupercool's ghost hits you!
* * * LOW HITPOINT WARNING * * *
You hit prototypeXXsupercool's ghost but do no damage.
You headbutt prototypeXXsupercool's ghost, but do no damage.
PrototypeXXsupercool's ghost is moderately damaged.
PrototypeXXsupercool's ghost hits you.
* * * LOW HITPOINT WARNING * * *
You barely miss prototypeXXsupercool's ghost.
PrototypeXXsupercool's ghost is moderately damaged.
PrototypeXXsupercool's ghost hits you.
You die...

.#
#################.#.##
.# ########.###.## .#
.......(## ##.# .#
.#######.###..# .#
##.#.#.##### .#
##.##...... .#
#.#####.## .#
#.##.##########.#####.##
.#
<...!.W@...........<....
.#
###############........#
.###### #..####..#
......# #########..#
#..# #####.#
#..........# #..# #.#
#.#######.## #..# #.#
#.# #####.#####(.( #.#
#.# #...........## #)#
#.# #.#######..##


You could see prototypeXXsupercool's ghost.

Vanquished Creatures
  An eye of draining (Abyss:1)
  A worker ant (D:3)
  4 gnolls (D:3)
  3 adders (D:3)
  3 oozes
  An ufetubus (Abyss:1)
  3 worms
  A leopard gecko (D:2)
  2 orcs (D:3)
  6 bats
  A giant cockroach (D:1)
  7 goblins
  6 hobgoblins
  4 jackals (D:1)
  5 kobolds
  2 quokkas
  5 frilled lizards
  4 rats
59 creatures vanquished.

Vanquished Creatures (others)
  A lurking horror (Abyss:1)
1 creature vanquished.

Grand Total: 60 creatures vanquished

Notes
Turn   | Place    | Note
-------+----------+-------------------------------------------
     0 | Abyss:1  | Gargoyl the Minotaur Abyssal Knight began the quest for the Orb.
     0 | Abyss:1  | Reached XP level 1. HP: 19/19 MP: 1/1
    67 | Abyss:1  | Noticed an eye of draining
    77 | Abyss:1  | Killed an eye of draining
    77 | Abyss:1  | Reached skill level 5 in Fighting
    77 | Abyss:1  | Reached XP level 2. HP: 29/29 MP: 0/2
    77 | Abyss:1  | Reached XP level 3. HP: 36/36 MP: 0/3
    77 | Abyss:1  | Reached XP level 4. HP: 42/42 MP: 0/4
   135 | Abyss:1  | Noticed a large abomination
   218 | Abyss:1  | Noticed a small abomination
   259 | Abyss:1  | Noticed a smoke demon
   261 | D:1      | Escaped the Abyss
   789 | D:1      | Reached * piety under Lugonu
   867 | D:1      | You fall through a shaft!
  1310 | D:2      | Reached XP level 5. HP: 48/48 MP: 5/5
  2002 | D:3      | Reached ** piety under Lugonu
  2071 | D:3      | Found an iron altar of Okawaru.
  2536 | D:3      | Noticed prototypeXXsupercool's ghost (amateur HOFi)
  2548 | D:3      | Slain by prototypeXXsupercool's ghost

Skill      XL: |  1  2  3  4  5 |
---------------+----------------+-----
Fighting       | 5 |  5.5
Axes           | 3 4 |  4.0
Invocations    | 2 |  2.7
Armour         | 3 4 |  4.4
Dodging        | |  1.5

Action                   |  1- 3 |  4- 6 || total
-------------------------+-------+-------++-------
Melee: Hand axe          |     8 |   172 ||   180
       Headbutt          |     4 |    28 ||    32
Invok: Depart the Abyss  |       |     1 ||     1
  Use: Scroll            |     1 |     5 ||     6
  Eat: Chunk             |       |     4 ||     4
Armor: Chain mail        |       |   108 ||   108
Dodge: Dodged            |       |    72 ||    72
